 Dungeon Crawl Stone Soup version 0.17.1-2-g5865329 (webtiles) character file.

79 Mysteryquy the Cudgeler (level 4, 0/48 HPs)
             Began as an Ogre Fighter on Jan 12, 2016.
             Killed from afar by an orc wizard (4 damage)
             ... with a magic dart
             ... on level 3 of the Dungeon.
             The game lasted 00:02:51 (2425 turns).

Mysteryquy the Cudgeler (Ogre Fighter)              Turns: 2425, Time: 00:02:51

Health: 0/48       AC:  3    Str: 22    XL:     4   Next: 38%
Magic:  4/4        EV:  8    Int:  7    God:
Gold:   151        SH:  8    Dex:  9    Spells: 0 memorised, 3 levels left

rFire  . . .     SeeInvis .     a - +0 flail
rCold  . . .     Clarity  .     b - +0 robe
rNeg   . . .     SustAt   .     c - +0 shield
rPois  .         Gourm    .     (helmet restricted)
rElec  .         Spirit   .     (no cloak)
rCorr  .         Warding  .     (gloves unavailable)
rMut   .         Stasis   .     (boots unavailable)
MR     .....                    (no amulet)
Stlth  +.........               (no ring)
                                (no ring)

@: not resistant to hostile enchantments, very unstealthy
A: unfitting armour, tough skin 1
a: no special abilities


You were on level 3 of the Dungeon.
You were not hungry.

You visited 1 branch of the dungeon, and saw 3 of its levels.

You collected 151 gold pieces.

Inventory:

Hand Weapons
 a - a +0 flail (weapon)
Armour
 b - a +0 robe (worn)
 c - a +0 shield (worn)
Jewellery
 t - an uncursed ring of poison resistance {unknown}
Scrolls
 f - a scroll of enchant weapon {unknown}
 i - 4 scrolls of identify {unknown}
 j - 3 scrolls of random uselessness {unknown}
 k - a scroll of remove curse {unknown}
 m - 2 scrolls of enchant armour {unknown}
 o - a scroll of magic mapping {unknown}
 q - a scroll of teleportation {unknown}
 v - a scroll of fear {unknown}
Potions
 d - a potion of might
 g - a potion of brilliance {unknown}
 h - a potion of mutation {unknown}
 p - 2 potions of poison {unknown}
 r - 2 potions of heal wounds {unknown}
 s - 2 potions of lignification {unknown}
Comestibles
 e - 3 bread rations
 l - 2 beef jerkies
 n - a slice of pizza
 u - 2 meat rations


   Skills:
 - Level 4.0 Fighting
 + Level 5.9 Maces & Flails
 - Level 2.6 Dodging
 - Level 2.6 Shields


You had 3 spell levels left.
You didn't know any spells.

Dungeon Overview and Level Annotations

Branches:
Dungeon (3/15)

Altars:
Ashenzari
Fedhas
Sif Muna
Trog
Vehumet


Innate Abilities, Weirdness & Mutations

You are too large for most types of armour.
You have tough skin (AC +1).


Message History

You sock something! Something hits you.
You hit something but do no damage. Something hits you but does no damage.
You hit something but do no damage. Something hits you but does no damage.
You hit something but do no damage. Something hits you but does no damage.
You hit something. Something hits you but does no damage. You block its attack.
You barely miss something.
You hear some strange, mumbled words.
A puff of flame appears from out of thin air!
The puff of flame hits you!
* * * LOW HITPOINT WARNING * * *
You closely miss something.
You hear some strange, mumbled words.
A puff of flame appears from out of thin air!
The puff of flame hits you!
* * * LOW HITPOINT WARNING * * *
You miss something.
You hear some strange, mumbled words.
A magic dart appears from out of thin air!
The magic dart hits you!
You die...

#.## #.......# .##.##.....###
.<..........####.#
#########........# #.....#
#.######## #.....# #.# #.....#
#.###### #.....# #){....# #.....#
#@####.# # ###.### #.####.# #.
#.# #....#.# #.### #.# #.##.#.# .
..######.#####......#
#.#.##.........####.###
#.#.##.##.##.#.####.####### #
#.........................# ##
###.##.###(#.#######.####.######.


There were no monsters in sight!

Vanquished Creatures
  2 adders
  A worm (D:1)
  A giant gecko (D:2)
  4 orcs
  2 ball pythons
  2 giant cockroaches
  7 goblins
  12 hobgoblins
  8 bats
  2 giant newts
  A jackal skeleton (D:3)
  7 kobolds
  5 rats
54 creatures vanquished.

Notes
Turn   | Place    | Note
--------------------------------------------------------------
     0 | D:1      | Mysteryquy the Ogre Fighter began the quest for the Orb.
     0 | D:1      | Reached XP level 1. HP: 24/24 MP: 1/1
   301 | D:1      | Reached XP level 2. HP: 29/32 MP: 2/2
   431 | D:1      | Found a shattered altar of Ashenzari.
   836 | D:1      | Reached XP level 3. HP: 39/39 MP: 3/3
  1113 | D:2      | Found a bloodstained altar of Trog.
  1146 | D:2      | Reached skill level 5 in Maces & Flails
  1189 | D:2      | Found a radiant altar of Vehumet.
  1202 | D:2      | Found a deep blue altar of Sif Muna.
  1399 | D:2      | Found a blossoming altar of Fedhas.
  1803 | D:3      | Reached XP level 4. HP: 33/48 MP: 4/4
  2425 | D:3      | Killed from afar by an orc wizard

Action                   |  1- 3 |  4- 6 || total
-------------------------+-------+-------++-------
Melee: Flail             |   143 |    54 ||   197
 Stab: Sleeping          |       |     1 ||     1
  Eat: Chunk             |     3 |     2 ||     5
